Unix NetHack Version 3.7.0-59 Work-in-progress - last build Jun 15 2022 22:00:42 (ba19de5de9b105df43ec81f7b8aaf5e01ff60ae8,branch:master). Game began 2022-06-18 17:07:09, ended 2022-06-18 17:17:59. Lawliet, lawful male human Samurai ----- |...| |...| |.S@| --S-- ## #### ## Lawliet the Ronin St:17 Dx:11 Co:18 In:13 Wi:11 Ch:11 Lawful Dlvl:4 $:44 HP:0(48) Pw:20(20) AC:4 Exp:5 T:2279 Latest messages: What do you want to eat? [ghn or ?*] ? It is not so easy to open this tin. You succeed in opening the tin. It smells like newts. Eat it? [yn] (n) y You consume rotten newt. What do you want to eat? [gn or ?*] ? This lichen corpse tastes terrible! You are feeling mildly nauseated. You finish eating the lichen corpse. You descend the stairs. The water moccasin misses! You hit the water moccasin! The water moccasin bites! You miss the water moccasin. The water moccasin bites! You hit the water moccasin! You feel slightly confused. You kill the water moccasin! You see here a locked large box. You miss the water moccasin. You hit the water moccasin. The water moccasin misses! You hit the water moccasin! You can't seem to think straight. You feel less confused now. The water moccasin bites! You hit the water moccasin! The water moccasin bites! You feel incredibly sick. What do you want to eat? [gn or ?*] Never mind. What do you want to eat? [gn or ?*] ? This lichen corpse tastes okay. A water moccasin was hidden under a locked large box! The water moccasin bites! You stop eating the lichen corpse. The water moccasin bites! The water moccasin's bite was poisoned! You feel a bit steadier now. The water moccasin bites! You are about to vomit. You feel less confused now. The water moccasin bites! You die... Do you want your possessions identified? [ynq] (y) y Do you want to see your attributes? [ynq] (y) y Do you want an account of creatures vanquished? [ynaq] (y) y Do you want to see your conduct and achievements? [ynq] (y) y Do you want to see the dungeon overview? [ynq] (y) y Major events: Turn 1: Lawliet the lawful male human Samurai entered the dungeon 707: entered the Gnomish Mines 753: attained the rank of Ronin (level 3) 2279: killed by a water moccasin Inventory: Coins $ - 44 gold pieces Weapons d - 41 +0 ya (in quiver) c - a +0 yumi i - 10 +0 darts a - a +0 katana (weapon in hand) b - a +0 wakizashi (alternate weapon; not wielded) Armor l - a cursed -1 orcish helm e - a blessed rustproof +0 splint mail (being worn) Comestibles n - 2 uncursed gunyoki g - an uncursed partly eaten lichen corpse Scrolls p - an uncursed scroll of confuse monster Spellbooks j - an uncursed spellbook of light Potions o - an uncursed potion of extra healing Tools m - an uncursed koto f - an uncursed blindfold Lawliet the Samurai's attributes: Background: You were a Ronin, a level 5 male human Samurai. You were lawful, on a mission for Amaterasu Omikami who was opposed by Raijin (neutral) and Susanowo (chaotic). You were in the Dungeons of Doom, on level 4. You entered the dungeon 2279 turns ago. You had 207 experience points, 113 more were needed to attain level 6. Basics: You had 0 out of 48 hit points. You had all 20 energy points (spell power). Your armor class was 4. Your wallet contained 44 zorkmids. Autopickup was off. Final Characteristics: Your strength was 17 (limit:18/100). Your dexterity was 11 (limit:18). Your constitution was 18 (limit:18). Your intelligence was 13 (limit:18). Your wisdom was 11 (limit:18). Your charisma was 11 (limit:18). Final Status: You were nauseated. You were not hungry. You were unencumbered. You were wielding a long sword. You had basic skill with long sword. Final Attributes: You were piously aligned. You were warded. You were fast. You are dead. Miscellaneous: You encountered 1 bones level. Total elapsed playing time was 10 minutes and 49 seconds. Vanquished creatures: 3 water moccasins a shrieker a little dog a wererat an iguana 9 manes a hobgoblin a giant rat a gecko 5 jackals 3 kobolds 2 goblins a sewer rat 2 grid bugs 2 bats 4 lichens a kobold zombie 2 newts 41 creatures vanquished. No species were genocided or became extinct. Voluntary challenges: You were illiterate. You never engraved Elbereth. You never genocided any monsters. You never polymorphed an object. You never changed form. You used no wishes. Achievements: You entered the Gnomish Mines. You attained the rank of Ronin. The Dungeons of Doom: levels 1 to 4 Level 1: Level 2: A fountain, a sink. Stairs down to The Gnomish Mines. Level 3: Some fountains, a sink. Level 4: <- You were here. Final resting place for you, killed by a water moccasin, Qwesti-Pri-Elf-Mal-Cha, killed by a water moccasin. The Gnomish Mines: Level 3: Game over: ---------- / \ / REST \ / IN \ / PEACE \ / \ | Lawliet | | 44 Au | | killed by a | | water moccasin | | | | | | 2022 | *| * * * | * _________)/\\_//(\/(/\)/\//\/|_)_______ Sayonara Lawliet the Samurai... You died in The Dungeons of Doom on dungeon level 4 with 1018 points, and 44 pieces of gold, after 2279 moves. You were level 5 with a maximum of 48 hit points when you died.